 Dungeon Crawl Stone Soup version 0.14-a0-30-gf0b6e91 (webtiles) character file.

9001 4tharraofdagon the Bludgeoner (level 11, -9/111 (115) HPs)
             Began as an Ogre Berserker on Sept 27, 2013.
             Was a High Priest of Trog.
             Shot with an arrow of frost by a centaur warrior (22 damage)
             ... on Level 13 of the Dungeon on Sept 28, 2013.
             The game lasted 00:23:59 (4257 turns).

4tharraofdagon the Bludgeoner (Ogre Berserker)      Turns: 4257, Time: 00:23:59

HP  -9/111 (115) AC  3     Str 24      XL: 11   Next: 34%
MP  15/15        EV 12     Int  9      God: Trog [*****.]
Gold 351         SH  0     Dex  9      Spells:  0 memorised, 10 levels left

Res.Fire  : . . .   See Invis. : .   x - +0 giant club (curse)
Res.Cold  : . . .   Warding    : .   b - +0 animal skin
Life Prot.: . . .   Conserve   : .   (shield restricted)
Res.Poison: +       Res.Corr.  : .   (helmet restricted)
Res.Elec. : .       Clarity    : .   (no cloak)
Sust.Abil.: . .     Spirit.Shd : .   (gloves unavailable)
Res.Mut.  : .       Stasis     : .   (boots unavailable)
Res.Rott. : .       Flight     : .   (no amulet)
Saprovore : + . .                    n - ring of poison resistance
                                     e - ring of regeneration

@: regenerating (expiring), very resistant to hostile enchantments, very
unstealthy
A: unfitting armour, fast metabolism 1, saprovore 1, tough skin 1
a: Burn Spellbooks, Berserk, Trog's Hand, Brothers in Arms, Renounce Religion


You were on level 13 of the Dungeon.
You worshipped Trog.
Trog was extremely pleased with you.
You were not hungry.

You visited 1 branch of the dungeon, and saw 13 of its levels.

You collected 331 gold pieces.

Inventory:

Hand weapons
 a - a +0,+0 mace
 r - a +0,-1 giant club
 v - a cursed -1,+0 orcish flail
 x - a cursed +0,+0 giant club (weapon)
 D - a -3,+0 whip
 G - a +2,+0 mace of crushing
 M - a +1,+0 dwarven morningstar
 O - a +0,+0 great mace
 R - a +0 blowgun
Missiles
 l - 6 tomahawks
 K - 4 large rocks (quivered)
 S - 6 curare-tipped needles
Armour
 b - a +0 animal skin (worn)
 H - a cursed +0 robe
Magical devices
 f - a wand of frost (8)
 h - a wand of cold (3)
 q - a wand of teleportation (1)
 T - a wand of slowing (3) {unknown}
Comestibles
 c - a meat ration
 z - a royal jelly
 I - 6 bread rations
 U - a chunk of centaur flesh
Scrolls
 d - 3 scrolls of remove curse
 i - 3 scrolls of teleportation {unknown}
 j - 2 scrolls of random uselessness {unknown}
 k - a scroll of curse armour {unknown}
 p - 2 scrolls of enchant weapon I {unknown}
 s - a scroll of curse weapon {unknown}
 t - 2 scrolls of noise {unknown}
 y - 2 scrolls of recharging {unknown}
 B - 2 scrolls of fear {unknown}
 C - 2 scrolls of blinking {unknown}
 F - a scroll of fog {unknown}
 N - 2 scrolls of magic mapping {unknown}
 P - a scroll of immolation {unknown}
 Q - a scroll of enchant weapon II {unknown}
Jewellery
 e - a ring of regeneration (left hand)
 g - an uncursed ring of fire
 m - an uncursed ring of positive energy
 n - a ring of poison resistance (right hand)
 L - an uncursed ring of ice
Potions
 o - a potion of brilliance {unknown}
 u - 2 potions of mutation {unknown}
 A - a potion of berserk rage
Books
 E - a book of Wizardry

   Spells                             Type                      Level
   Summon Elemental                   Summoning                    4
   Agony                              Necromancy                   5
   Force Lance                        Conjuration                  5
   Fireball                           Conjuration/Fire             5
   Haste                              Charms                       6
   Invisibility                       Hexes                        6
   Trog disapproves of the use of such an item.
 J - a book of Clouds

   Spells                             Type                      Level
   Mephitic Cloud                     Conjuration/Poison/Air       3
   Conjure Flame                      Conjuration/Fire             3
   Poisonous Cloud                    Conjuration/Poison/Air       6
   Freezing Cloud                     Conjuration/Ice/Air          6
   Ring of Flames                     Charms/Fire                  7
   Trog disapproves of the use of such an item.


   Skills:
 + Level 11.8 Fighting
 * Level 15.5 Maces & Flails
 + Level 7.7 Dodging
 - Level 3.1 Evocations


You had 10 spell levels left.
You didn't know any spells.

Dungeon Overview and Level Annotations

Branches:
Dungeon (13/27)            Temple (0/1) D:5             Orc (0/4) D:10
   Lair: D:8-13

Altars:
Kikubaaqudgha

Shops:
D:7 +

Annotations:
D:5 Menkaure


Innate Abilities, Weirdness & Mutations

You are too large for most types of armour.
You have a fast metabolism.
You can tolerate rotten meat.
You have tough skin (AC +1).


Message History

The bolt of cold hits the centaur warrior.
The centaur warrior is almost dead.
The centaur warrior shoots an arrow of frost.
The arrow of frost hits you!
* * * LOW HITPOINT WARNING * * *
Unknown command.
Evoke which item? (* to show all) (? for menu, Esc to quit)
Zapping:
h - a wand of cold {zapped: 3}
Press: ? - help, Shift-Dir - straight line, f/p - centaur warrior
Aim: a centaur warrior, wielding a bow (severely wounded)
Okay, then.
Drink which item? (? for menu, Esc to quit)
You feel much better.
Your skin is crawling a little less now.
The centaur warrior shoots an arrow of frost.
The arrow of frost hits you!
* * * LOW HITPOINT WARNING * * *
The centaur warrior shoots an arrow of frost.
The arrow of frost hits you!
You die...

... #######...#
........#
..#....#
#......##
##.......###.
##............
##<...).........
#<..(.@)......c.
##<.............
##........%....
##.......###....
##.....## ....
##....# .....
##...## ##......
##...###.........
##..............


You could see a centaur warrior.

Vanquished Creatures
  2 hydras
  A centaur warrior (D:13)
  A hill giant (D:11)
  2 cyclopes
  A troll (D:12)
  A spriggan (D:10)
  The ghost of 4tharraofdagon the Cudgeler, an average OgBe of Trog (D:7)
  An ugly thing (D:13)
  3 hungry ghosts
  A steam dragon (D:13)
  A hippogriff (D:7)
  3 necrophages (D:8)
  4 orc warriors
  2 phantoms
  An ice beast (D:11)
  4 human zombies (D:8)
  2 ogres
  4 sky beasts
  3 centaurs
  2 big kobolds
  2 water moccasins
  2 giant frogs
  A troll zombie (D:12)
  A hippogriff zombie (D:8)
  3 killer bees (D:4)
  12 wights
  A goliath beetle (D:8)
  A jelly (D:8)
  A quasit (D:10)
  7 orc priests
  6 hounds
  3 iguanas
  7 orc wizards
  A human skeleton (D:8)
  5 worker ants
  An ogre zombie (D:8)
  An ogre skeleton (D:11)
  A hound skeleton (D:4)
  3 mummies
  A gnoll (D:1)
  7 adders
  2 giant centipedes
  4 worms
  2 giant mites
  An adder skeleton (D:5)
  An adder zombie (D:5)
  A giant centipede zombie (D:8)
  A giant gecko (D:6)
  41 orcs
  3 giant cockroaches
  10 hobgoblins
  3 jackals (D:1)
  A quokka (D:8)
  5 bats
  A giant gecko zombie (D:6)
  3 giant newts
  6 goblins
  18 kobolds
  An orc skeleton (D:8)
  4 rats
  A rat skeleton (D:7)
216 creatures vanquished.

Notes
Turn   | Place    | Note
--------------------------------------------------------------
     0 | D:1      | 4tharraofdagon, the Ogre Berserker, began the quest for the Orb.
     0 | D:1      | Reached XP level 1. HP: 23/23 MP: 0/0
    94 | D:2      | Reached XP level 2. HP: 22/32 MP: 1/1
   225 | D:1      | Reached skill level 5 in Maces & Flails
   225 | D:1      | Reached XP level 3. HP: 30/39 MP: 2/2
   269 | D:2      | Acquired Trog's second power
   442 | D:2      | Reached skill level 5 in Fighting
   442 | D:2      | Reached XP level 4. HP: 36/48 MP: 3/3
   503 | D:2      | You fall through a shaft!
   712 | D:4      | Reached skill level 6 in Maces & Flails
   715 | D:4      | Reached skill level 1 in Evocations
   715 | D:4      | Reached XP level 5. HP: 55/55 MP: 4/4
   855 | D:5      | Entered Level 5 of the Dungeon
   886 | D:4      | Reached XP level 6. HP: 59/65 MP: 6/6
   930 | D:4      | Reached skill level 7 in Maces & Flails
  1026 | D:5      | Noticed Menkaure
  1032 | D:5      | HP: 2/65 [iguana (4)]
  1180 | D:5      | Found a staircase to the Ecumenical Temple.
  1333 | D:7      | Noticed 4tharraofdagon's ghost (average OgBe)
  1341 | D:7      | Found Kathaug's Book Shop.
  1402 | D:7      | Reached XP level 7. HP: 72/72 MP: 8/8
  1464 | D:6      | Reached skill level 8 in Maces & Flails
  1673 | D:7      | Noticed a hippogriff
  1690 | D:7      | Killed a hippogriff
  1724 | D:7      | Reached XP level 8. HP: 71/83 MP: 11/11
  1736 | D:7      | Reached skill level 9 in Maces & Flails
  1929 | D:7      | Killed 4tharraofdagon's ghost
  2128 | D:8      | Reached skill level 10 in Maces & Flails
  2318 | D:8      | Reached XP level 9. HP: 77/88 MP: 12/12
  2358 | D:8      | Reached skill level 11 in Maces & Flails
  2358 | D:8      | Reached skill level 5 in Dodging
  2474 | D:8      | Found an ancient bone altar of Kikubaaqudgha.
  2729 | D:9      | Reached skill level 12 in Maces & Flails
  2761 | D:10     | Entered Level 10 of the Dungeon
  2900 | D:10     | Acquired Trog's third power
  3102 | D:10     | Reached skill level 10 in Fighting
  3102 | D:10     | Reached XP level 10. HP: 48/100 MP: 14/14
  3162 | D:11     | Noticed a four-headed hydra
  3172 | D:11     | Killed a four-headed hydra
  3172 | D:11     | Reached skill level 13 in Maces & Flails
  3300 | D:10     | Noticed a spriggan baker
  3301 | D:10     | Killed a spriggan baker
  3559 | D:10     | Found a staircase to the Orcish Mines.
  3710 | D:11     | Reached skill level 14 in Maces & Flails
  3827 | D:11     | Noticed a hill giant
  3840 | D:11     | Killed a hill giant
  4022 | D:12     | Noticed a cyclops
  4027 | D:12     | Killed a cyclops
  4027 | D:12     | Reached XP level 11. HP: 110/110 MP: 15/15
  4130 | D:13     | Reached skill level 15 in Maces & Flails
  4149 | D:13     | Noticed an eight-headed hydra
  4158 | D:13     | Noticed a centaur warrior
  4162 | D:13     | Killed an eight-headed hydra
  4166 | D:13     | Killed a centaur warrior
  4239 | D:13     | Noticed a cyclops
  4242 | D:13     | Killed a cyclops
  4254 | D:13     | Noticed a centaur warrior
  4257 | D:13     | Shot with an arrow of frost by a centaur warrior

Action                   |  1- 3 |  4- 6 |  7- 9 | 10-12 || total
-------------------------+-------+-------+-------+-------++-------
Melee: Mace              |   102 |   103 |       |       ||   205
       Flail             |       |    29 |       |       ||    29
       Giant club        |       |       |   260 |   204 ||   464
Throw: Large rock        |       |       |       |     3 ||     3
Invok: Berserk           |     1 |     4 |     7 |     7 ||    19
       Trog's Hand       |       |     3 |     3 |     6 ||    12
Evoke: Wand              |       |     1 |       |     4 ||     5
  Use: Potion            |       |     2 |     1 |     1 ||     4
       Scroll            |       |       |     1 |     4 ||     5
